 Dungeon Crawl Stone Soup version 0.27-a0-885-g35c287b (webtiles) character file.

Game seed: 667610379589700294

9194 MrTaco21 the Basher (level 11, -1/73 HPs)
             Began as a Gargoyle Fighter on Apr 3, 2021.
             Was an Initiate of Gozag.
             Succumbed to barbed spike wounds
             ... on level 11 of the Dungeon.
             The game lasted 00:15:20 (11267 turns).

MrTaco21 the Basher (Gargoyle Fighter)             Turns: 11267, Time: 00:15:20

Health: -1/73      AC: 18    Str: 30    XL:     11   Next: 42%
Magic:  11/11      EV: 10    Int: 12    God:    Gozag
Gold:   628        SH: 18    Dex: 12    Spells: 10/10 levels left

rFire    . . .     SeeInvis .   o - +0 whip (elec)
rCold    . . .     Faith    .   c - +0 kite shield
rNeg     + + .     Spirit   .   b - +4 robe of Mubbij {rN+ rCorr Int+4 Dex+3}
rPois    ∞         Reflect  +   m - +0 helmet
rElec    +         Harm     .   (no cloak)
rCorr    +         Rampage  .   (no gloves)
Will     .....                  h - +2 pair of boots
Stlth    +.........             l - amulet of reflection
HPRegen  0.22/turn              z - ring of flight
MPRegen  0.12/turn              J - +6 ring of strength

@: spiked, flying, hasted, very quick
A: AC +8, negative energy resistance 1, electricity resistance, torment
resistance 1, unbreathing 1, petrification resistance
a: Renounce Religion, Potion Petition, Call Merchant, Bribe Branch


You were on level 11 of the Dungeon.
You worshipped Gozag.
Gozag was pleased with you.
You visited 2 branches of the dungeon, and saw 12 of its levels.
You also visited: Sewer.

You collected 1177 gold pieces.
You paid 549 gold pieces to Gozag.

Inventory:

Hand Weapons
 o - a +0 whip of electrocution (weapon)
   (You took it off a kobold in a sewer)
Missiles
 B - 95 poisoned darts (quivered)
 E - 5 throwing nets {!f}
Armour
 b - the +4 robe of Mubbij (worn) {rN+ rCorr Int+4 Dex+3}
   (You found it on level 10 of the Dungeon)

   It affects your intelligence (+4).
   It affects your dexterity (+3).
   It protects you from negative energy.
   It protects you from acid and corrosion.
 c - a +0 kite shield (worn)
 h - a +2 pair of boots (worn)
   (You found it on level 1 of the Dungeon)
 m - a +0 helmet (worn)
   (You took it off Robin on level 3 of the Dungeon)
 K - a +3 scale mail of poison resistance
   (You took it off Harold on level 8 of the Dungeon)
 M - a +0 cloak
   (You found it on level 11 of the Dungeon)
Jewellery
 l - an amulet of reflection (around neck)
   (You found it on level 5 of the Dungeon)
 z - a ring of flight (left hand)
   (You found it on level 4 of the Dungeon)
 J - a +6 ring of strength (right hand)
   (You found it on level 8 of the Dungeon)
Wands
 u - a wand of paralysis (11)
   (You found it on level 6 of the Dungeon)
 v - a wand of digging (9)
   (You found it on level 7 of the Dungeon)
 x - a wand of acid (13)
   (You found it on level 6 of the Dungeon)
 H - a wand of mindburst (22)
   (You found it on level 8 of the Dungeon)
Scrolls
 e - a scroll of immolation {unknown}
 f - a scroll of fear {unknown}
 g - 8 scrolls of identify {unknown}
 i - 2 scrolls of enchant armour {unknown}
 w - 2 scrolls of summoning {unknown}
 y - a scroll of fog {unknown}
 C - 3 scrolls of teleportation {unknown}
 D - a scroll of enchant weapon {unknown}
 F - 3 scrolls of holy word {unknown}
 G - a scroll of blinking {unknown}
 I - a scroll of acquirement {unknown}
 L - 2 scrolls of vulnerability {unknown}
Potions
 a - a potion of degeneration {unknown}
 d - 2 potions of might
 j - 2 potions of berserk rage {unknown}
 k - a potion of lignification {unknown}
 n - 2 potions of cancellation {unknown}
 p - a potion of attraction {unknown}
 q - 3 potions of flight {unknown}
 r - a potion of heal wounds {unknown}
 s - 3 potions of curing {unknown}
 t - a potion of resistance {unknown}
 A - 3 potions of brilliance {unknown}


   Skills:
 + Level 10.4 Fighting
 - Level 12.0 Maces & Flails
 - Level 3.2 Armour
 + Level 10.4 Shields


You had 10 spell levels left.
You didn't know any spells.
Your spell library contained the following spells:

 Spells                   Type           Power      Damage    Failure   Level
 Magic Dart               Conj           0%         1d3       52%         1
 Blink                    Tloc           N/A        N/A       65%         2
 Call Imp                 Summ           0%         N/A       65%         2
 Slow                     Hex            0%         N/A       65%         2
 Conjure Flame            Conj/Fire      0%         6-21      87%         3
 Mephitic Cloud           Conj/Pois/Air  0%         N/A       87%         3


Dungeon Overview and Level Annotations

Branches:
Dungeon (11/15)            Temple (1/1) D:6            Lair (0/6) D:11
    Orc (0/2) D:9           Sewer (visited)

Altars:
Ashenzari
Cheibriados
Dithmenos
Elyvilon
Fedhas
Gozag
Hepliaklqana
Kikubaaqudgha
Makhleb
Nemelex Xobeh
Okawaru
Qazlal
Ru
Sif Muna
Trog
Uskayaw
Vehumet
Wu Jian
Xom
Yredelemnul
Zin
The Shining One
Beogh


Innate Abilities, Weirdness & Mutations

Your stone body is resilient. (AC +8)
You are immune to poison.
You resist negative energy. (rN+)
You are resistant to electric shocks. (rElec)
You are resistant to unholy torment.
You can survive without breathing.
You are immune to petrification.


Message History

The red ugly thing headbutts you but does no damage.
There is a stone staircase leading up here.
You block the red ugly thing's attack. The red ugly thing misses you.
You see here 16 stones.
You block the red ugly thing's attack.
There is a stone staircase leading up here.
The red ugly thing headbutts you.
* * * LOW HITPOINT WARNING * * *
You are engulfed in flames!!
* * * LOW HITPOINT WARNING * * *
A manticore comes into view.
The manticore flicks its tail.
The volley of spikes misses you.
The manticore flicks its tail.
The volley of spikes reflects off an invisible shield around you!
The volley of spikes hits the manticore!
Found 25 gold pieces.
The manticore flicks its tail.
The volley of spikes hits you but does no damage.
The red ugly thing headbutts you but does no damage.
You block the manticore's attack.
The manticore claws you but does no damage.
The manticore closely misses you.
The manticore flicks its tail.
The volley of spikes misses you.
The manticore flicks its tail.
The volley of spikes hits you!
The barbed spikes become lodged in your body.
* * * LOW HITPOINT WARNING * * *
The barbs in your skin will harm you if you move.
Continue?
Okay, then.
The barbs in your skin will harm you if you move.
Continue?
Okay, then.
Okay, then.
There are monsters nearby! [a] - 160 gold - might and brilliance [b] - 420 gold - brilliance, magic, heal wounds and curing [c] - 405 gold - haste and heal wounds Purchase which effect?
You no longer have enough gold to fund merchants seeking to open stores in the dungeon.
You feel yourself speed up.
You feel much better. The red ugly thing headbutts you.
* * * LOW HITPOINT WARNING * * *
You are engulfed in flames!
* * * LOW HITPOINT WARNING * * *
The barbs in your skin will harm you if you move.
Continue?
The barbed spikes dig painfully into your body as you move.
You die...
Your body crumbles into a pile of gold.

...... ......# #########
....... .........
....... .........
....... .........
....... ########.
.......################.
.......@.uH.............
##########............<.
#...#########..
#...#########..
................
................#
.....$...........#
.....$............
..........


You could see a red ugly thing and a manticore.

Vanquished Creatures
  Harold (D:8)
  A two-headed ogre (D:10)
  The ghost of Ahrinia the Poker, a novice DsGl of Trog (D:8)
  Maggie (D:8)
  An unseen horror (D:10)
  Psyche (D:9)
  A komodo dragon (D:11)
  A kobold demonologist (D:11)
  A troll (D:10)
  A wraith (D:9)
  A shadow (D:8)
  10 yaks (D:9)
  3 vampire mosquitoes (D:10)
  A steam dragon (D:7)
  A water moccasin (D:7)
  2 black bears
  An orc warrior (D:9)
  A sky beast (D:5)
  2 ogres (D:5)
  2 centaurs (D:9)
  3 kobold brigands
  2 bullfrogs
  2 scorpions (D:5)
  13 killer bees
  A wight (D:9)
  2 howler monkeys (D:9)
  A bullfrog zombie (D:5)
  5 centaur zombies
  A hound (D:4)
  2 jellies
  3 orc priests
  A bullfrog skeleton (D:5)
  4 iguanas
  Terence (D:2)
  2 orc wizards (D:9)
  A scorpion zombie (D:5)
  A killer bee zombie (D:8)
  A howler monkey zombie (D:7)
  Robin (D:3)
  8 adders
  4 gnolls (D:5)
  A shadow imp (D:6)
  A white imp (D:7)
  2 ufetubi
  An adder zombie (D:5)
  A worm (D:5)
  3 dart slugs
  16 orcs
  6 bats
  7 endoplasms
  8 giant cockroaches
  10 goblins
  8 hobgoblins
  8 jackals
  5 quokkas
  11 ball pythons
  A frilled lizard (D:1)
  17 kobolds
  12 rats
211 creatures vanquished.

Vanquished Creatures (others)
  A kobold brigand (D:8)
  4 plants
5 creatures vanquished.

Grand Total: 216 creatures vanquished

Notes
Turn   | Place    | Note
-------+----------+-------------------------------------------
     0 | D:1      | MrTaco21 the Gargoyle Fighter began the quest for the Orb.
     0 | D:1      | Reached XP level 1. HP: 14/14 MP: 1/1
    88 | D:1      | Reached XP level 2. HP: 19/19 MP: 2/2
   161 | D:1      | Reached skill level 3 in Maces & Flails
   218 | D:1      | Found a faded altar of an unknown god.
   318 | D:1      | Reached XP level 3. HP: 23/23 MP: 3/3
   695 | D:2      | Reached skill level 4 in Maces & Flails
  1052 | D:2      | Reached XP level 4. HP: 28/28 MP: 4/4
  1108 | D:2      | Noticed Terence
  1122 | D:2      | Killed Terence
  1419 | D:3      | Noticed Robin
  1430 | D:3      | Killed Robin
  1668 | D:3      | Reached skill level 5 in Maces & Flails
  1675 | D:3      | Found a glowing drain.
  1681 | D:3      | Reached XP level 5. HP: 30/32 MP: 5/5
  1699 | Sewer    | Entered a sewer
  1768 | Sewer    | Noticed a kobold brigand
  1792 | Sewer    | Killed a kobold brigand
  1873 | Sewer    | Found a glowing silver altar of Zin.
  2141 | D:3      | Reached skill level 6 in Maces & Flails
  2141 | D:3      | Reached XP level 6. HP: 20/37 MP: 6/6
  2435 | D:3      | Found an ornate altar of the Wu Jian Council.
  3201 | D:4      | Reached skill level 7 in Maces & Flails
  3216 | D:4      | Noticed a black bear
  3224 | D:4      | Killed a black bear
  3225 | D:4      | Reached XP level 7. HP: 39/41 MP: 7/7
  3589 | D:5      | Entered Level 5 of the Dungeon
  3796 | D:5      | Reached skill level 8 in Maces & Flails
  4246 | D:5      | Reached skill level 9 in Maces & Flails
  4252 | D:5      | Reached XP level 8. HP: 42/46 MP: 8/8
  4774 | D:6      | Found a staircase to the Ecumenical Temple.
  5049 | D:6      | Reached skill level 10 in Maces & Flails
  5291 | Temple   | Entered the Ecumenical Temple
  5890 | D:7      | Found an opulent altar of Gozag.
  5890 | D:7      | Found an opulent altar of Gozag.
  6020 | D:7      | Found an opulent altar of Gozag.
  6030 | D:7      | Found an opulent altar of Gozag.
  6501 | D:7      | Became a worshipper of Gozag Ym Sagoz the Greedy
  6526 | D:8      | Noticed Maggie
  6584 | D:8      | Reached skill level 11 in Maces & Flails
  6811 | D:8      | Reached XP level 9. HP: 42/51 MP: 9/9
  6981 | D:8      | Found a large runed translucent door.
  6982 | D:8      | Found a large runed translucent door.
  7024 | D:8      | Killed Maggie
  7149 | D:8      | Noticed Harold
  7187 | D:8      | Killed Harold
  7188 | D:8      | Reached skill level 12 in Maces & Flails
  7392 | D:8      | Found a sparkling altar of Nemelex Xobeh.
  7502 | D:8      | Found a white marble altar of Elyvilon.
  7502 | D:8      | Found a snail-covered altar of Cheibriados.
  7502 | D:8      | Found a shimmering altar of Xom.
  7502 | D:8      | Found a basalt altar of Yredelemnul.
  7536 | D:8      | Reached skill level 5 in Fighting
  7536 | D:8      | Reached skill level 5 in Shields
  8329 | D:8      | Noticed Ahrinia's ghost (novice DsGl)
  8355 | D:8      | Killed Ahrinia's ghost
  8356 | D:8      | Reached XP level 10. HP: 51/61 MP: 10/10
  8632 | D:9      | Found a staircase to the Orcish Mines.
  9433 | D:9      | Found an iron altar of Okawaru.
  9513 | D:9      | Noticed Psyche
  9538 | D:9      | Killed Psyche
  9881 | D:10     | Entered Level 10 of the Dungeon
 10017 | D:10     | Reached XP level 11. HP: 70/71 MP: 11/11
 10024 | D:10     | Identified the +4 robe of Mubbij {rN+ rCorr Int+4 Dex+3}
 10040 | D:10     | Noticed a two-headed ogre
 10058 | D:10     | Killed a two-headed ogre
 10503 | D:10     | Reached skill level 10 in Fighting
 10503 | D:10     | Reached skill level 10 in Shields
 11003 | D:11     | Found a staircase to the Lair.
 11191 | D:11     | Noticed a red ugly thing
 11258 | D:11     | Noticed a manticore
 11267 | D:11     | Succumbed to barbed spike wounds

Illustrated notes

Levels and vault maps discovered:
D:1:      evilmike_arrival_rings, layout_rooms, ebering_ecumenical_altar_box
D:2:      layout_rooms, uniq_terence
D:3:      layout_loops_ring, pdpol_wu_jian_five_deadly_venoms,
          gup_sewer_entry_pipe, uniq_robin
D:4:      layout_loops_ring
D:5:      layout_basic
D:6:      layout_rooms, minmay_temple_entry_gardened_gates
D:7:      layout_basic, nicolae_gozag_conspicuous_consumption, solitary_fountain
D:8:      layout_layer_cave, lemuel_doored_altar,
          chequers_temple_overflow_statue_of_worship,
          ebering_ghost_disaster_area, uniq_maggie, uniq_harold
D:9:      layout_loops_ring, marbit_many_paths, minmay_orc_entry_temple_small,
          uniq_psyche
D:10:     layout_roguey
D:11:     layout_long_grid, david_lair_shrubbed, uniq_sonja, uniq_grum
Temple:   eino_temple_water

Skill      XL: |  1  2  3  4  5  6  7  8  9 10 11 |
---------------+----------------------------------+-----
Maces & Flails | 3 4 5 6 7 9 11 12 | 12.0
Fighting       | 6 9 10 | 10.4
Shields        | 6 9 10 | 10.4
Armour         | |  3.2

Action                   |  1- 3 |  4- 6 |  7- 9 | 10-12 || total
-------------------------+-------+-------+-------+-------++-------
Melee: Flail             |   115 |   128 |       |       ||   243
       Whip              |       |   107 |   302 |   368 ||   777
Throw: Dart              |       |       |       |     5 ||     5
Invok: Potion Petition   |       |       |       |     1 ||     1
 Stab: Distracted        |       |       |     1 |     1 ||     2
Armor: Scale mail        |    83 |   163 |    91 |    66 ||   403
       Robe              |       |       |       |    56 ||    56
Dodge: Dodged            |    48 |   105 |    49 |    50 ||   252
Block: Kite shield       |    76 |   140 |   168 |   234 ||   618
       Reflection        |       |       |     3 |     7 ||    10

Table legend: (Time is in decaauts)
 A = Elapsed time spent in this place.
 B = Non-inter-level travel time spent in this place.
 C = Inter-level travel time spent in this place.
 D = Time resting spent in this place.
 E = Time spent auto-exploring this place.
 F = Levels seen in this place.
 G = Mean time per level.
                   A        B        C        D        E       F      G
               +--------+--------+--------+--------+--------+-----+--------+
         Total |  11208 |  10787 |    421 |   1130 |   7657 |  13 |  862.2 |
       Dungeon |  10505 |  10099 |    406 |   1123 |   7083 |  11 |  955.0 |
        Temple |    444 |    429 |     15 |      0 |    412 |   1 |  444.0 |
         Sewer |    258 |    258 |      0 |      7 |    162 |   1 |  258.0 |
               +--------+--------+--------+--------+--------+-----+--------+

Top non-repeatable levels by time:
     D:8: 1969 daAuts
     D:3: 1182 daAuts
     D:9: 1152 daAuts
     D:5: 1091 daAuts
     D:7: 984 daAuts
    D:10: 929 daAuts
     D:4: 814 daAuts
     D:2: 801 daAuts
     D:1: 662 daAuts
     D:6: 600 daAuts
  Temple: 444 daAuts
    D:11: 317 daAuts
   Sewer: 258 daAuts
